 Dungeon Crawl Stone Soup version 0.17.1-1-g73c8601 (webtiles) character file.

14 penguinsfan71 the Grave Robber (level 2, -1/19 HPs)
             Began as a Vampire Necromancer on Dec 20, 2015.
             Slain by an adder (2 damage)
             ... on level 1 of the Dungeon.
             The game lasted 00:06:47 (1218 turns).

penguinsfan71 the Grave Robber (VpNe)               Turns: 1218, Time: 00:06:47

Health: -1/19      AC:  2    Str:  7    XL:     2   Next: 31%
Magic:  2/5        EV: 12    Int: 17    God:
Gold:   21         SH:  0    Dex: 14    Spells: 1 memorised, 4 levels left

rFire  . . .     SeeInvis +     k - +1 dagger (venom)
rCold  . . .     Clarity  .     a - +0 robe
rNeg   . . .     SustAt   .     (no shield)
rPois  .         Gourm    .     (no helmet)
rElec  .         Spirit   .     (no cloak)
rCorr  .         Warding  .     (no gloves)
rMut   .         Stasis   .     (no boots)
MR     .....                    (no amulet)
Stlth  +++.......               (no ring)
                                (no ring)

@: lethally poisoned (-1 -> -2), regenerating quickly, not resistant to hostile
enchantments, fairly stealthy
A: fangs 3, see invisible, unbreathing
a: no special abilities


You were on level 1 of the Dungeon.
You were full.

You visited 1 branch of the dungeon, and saw 2 of its levels.

You collected 21 gold pieces.

Inventory:

Hand Weapons
 d - a +0 dagger
 j - a +0 spear
 k - a +1 dagger of venom (weapon)
Armour
 a - a +0 robe (worn)
Scrolls
 f - a scroll of identify {unknown}
 h - a scroll of enchant weapon {unknown}
 i - a scroll of magic mapping {unknown}
Potions
 c - a potion of blood
 e - 2 potions of agility {unknown}
 g - a potion of cancellation {unknown}
 l - 2 potions of curing {unknown}
Books
 b - a book of Necromancy

   Spells                             Type                      Level
   a - Pain                           Necromancy                   1
   b - Animate Skeleton               Necromancy                   1
   c - Vampiric Draining              Necromancy                   3
   d - Regeneration                   Charms/Necromancy            3
   e - Animate Dead                   Necromancy                   4
   f - Control Undead                 Necromancy                   4


   Skills:
 + Level 2.2 Dodging
 + Level 3.3 Stealth
 + Level 2.2 Spellcasting
 + Level 4.7 Necromancy


You had 4 spell levels left.
You knew the following spells:

 Your Spells              Type           Power        Failure   Level  Hunger
a - Pain                  Necr           ###.         2%          1    #......


Dungeon Overview and Level Annotations

Branches:
Dungeon (2/15)

Altars:


Innate Abilities, Weirdness & Mutations

Your natural rate of healing is unusually fast.
You have razor-sharp teeth.
You have supernaturally acute eyesight.
You can survive without breathing.


Message History

The hobgoblin closely misses you.
A giant cockroach comes into view.
The adder barely misses you. The hobgoblin hits you.
* * * LOW HITPOINT WARNING * * *
The adder completely misses you.
There is a stone staircase leading up, spattered with blood here.
The adder bites you.
* * * LOW HITPOINT WARNING * * *
You are lethally poisoned!
The adder poisons you! The hobgoblin closely misses you.
You climb upwards.
* * * LOW HITPOINT WARNING * * *
You feel sick.
There is a stone staircase leading down here.
You hit the adder.
The adder is poisoned.
The adder is heavily wounded.
The adder closely misses you. The hobgoblin closely misses you.
You hit the hobgoblin but do no damage. The adder bites you but does no damage.
The hobgoblin barely misses you. The adder bites you.
You die...

♣♣♣ ##.###....##.###.#.#.#.
##♣♣♣♣♣ #..##.#####.##........
......#######.##.#...#.###.##'##.
#####............#.#.#.##..#...#.
##############.#.#.#.#...#.+...+.
#......######....#.#.####..#...#.
##.###...............# ##.##+##.
#.(............S#.#.# #........
###############g@#.#.# ##.#.#.#.
.................#.#############.
##........)#.###.#...............
...###...........###############.
......%..#....#####..............
...#.....#....# #.############.
#..#..#..#....# #.# #.
#..#.##..#....# #.# #.
#..####..#....# #.# #.


You could see an adder and a hobgoblin.

Vanquished Creatures
  4 goblins (D:1)
  A hobgoblin (D:1)
  5 kobolds (D:1)
  A bat (D:1)
  A rat (D:1)
12 creatures vanquished.

Notes
Turn   | Place    | Note
--------------------------------------------------------------
     0 | D:1      | penguinsfan71 the Vampire Necromancer began the quest for the Orb.
     0 | D:1      | Reached XP level 1. HP: 13/13 MP: 3/3
   615 | D:1      | Reached XP level 2. HP: 19/19 MP: 5/5
  1218 | D:1      | Slain by an adder

Action                   || total
-------------------------++-------
Melee: Dagger            ||    26
       Spear             ||     1
 Cast: Pain              ||    12
 Stab: Sleeping          ||     1
  Eat: Corpse            ||     7
